 Dungeon Crawl Stone Soup version 0.30-a0-377-g5cb311bc9f (webtiles) character file.

Game seed: 13440765766008380899

86 Raultor the Changer (level 4, 0/28 HPs)
             Began as an Octopode Transmuter on Nov 28, 2022.
             Slain by a gnoll
             ... wielding a +2 halberd of flaming
              (8 damage)
             ... on level 2 of the Dungeon.
             The game lasted 00:03:35 (1148 turns).

Raultor the Changer (Octopode Transmuter)           Turns: 1148, Time: 00:03:36

Health: 0/28       AC:  1    Str: 11    XL:     4   Next: 49%
Magic:  5/7        EV: 13    Int: 15    God:
Gold:   36         SH:  0    Dex: 12    Spells: 0/7 levels left

rFire   . . .      SeeInvis .      - Unarmed
rCold   . . .      Faith    .    (no shield)
rNeg    . . .      Spirit   .    (helmet restricted)
rPois   .          Reflect  .    (no amulet)
rElec   .          Harm     .    (no ring)
rCorr   .          Rampage  .    (no ring)
Will    .....                    (no ring)
Stlth   ++........               (no ring)
HPRegen 0.24/turn                (no ring)
MPRegen 0.10/turn                (no ring)
                                 (no ring)
                                 (no ring)

@: wereblooded
A: almost no armour, amphibious, 8 rings, camouflage 1, gelatinous body 1,
(nimble swimmer 1), tentacles
a: no special abilities


You were on level 2 of the Dungeon.
You visited 1 branch of the dungeon, and saw 2 of its levels.

You collected 36 gold pieces.


Innate Abilities, Weirdness & Mutations

You cannot wear most types of armour.
You are amphibious.
You can wear up to eight rings at the same time.
Your skin changes colour to match your surroundings (Stealth+).
Your rubbery body absorbs attacks. (AC +1, EV +1)
((You are camouflaged when in or above water. (Stealth+)))
You have tentacles for arms and can constrict up to eight enemies at once.


   Skills:
 - Level 1.0 Fighting
 - Level 2.0 Dodging
 - Level 3.0 Unarmed Combat
 - Level 2.0 Spellcasting
 + Level 4.3 Transmutations
 * Level 1.1 Ice Magic


You couldn't memorise any spells.
You knew the following spells:

 Your Spells              Type           Power      Damage    Failure   Level
b - Beastly Appendage     Tmut           28%        N/A       3%          1
c - Ice Form              Ice/Tmut       9%         N/A       56%         4
w - Wereblood             Tmut           14%        N/A       5%          2

Your spell library contained the following spells:

 Spells                   Type           Power      Damage    Failure   Level
 Foxfire                  Conj/Fire      4%         2x1d4     22%         1
 Spider Form              Tmut/Pois      8%         N/A       26%         3
 Fireball                 Conj/Fire      0%         3d3       99%         5
 Starburst                Conj/Fire      0%         6d3       100%        6

Inventory:

Scrolls
 b - 2 scrolls of teleportation {unknown}
 c - a scroll of enchant armour {unknown}
 e - 3 scrolls of identify {unknown}
 j - a scroll of vulnerability {unknown}
 k - a scroll of noise {unknown}
Potions
 a - a potion of lignification
 d - a potion of flight {unknown}
 f - 2 potions of attraction {unknown}
 g - a potion of berserk rage {unknown}
 h - a potion of haste {unknown}
 i - a potion of ambrosia {unknown}
 l - a potion of cancellation {unknown}

Dungeon Overview and Level Annotations

Branches:
Dungeon (2/15)

Altars:
Uskayaw

## ▒▒▒▒▒▒▒▒▒ #.
▒........
#####.###▒.......
........#▒......
###......▒....♣♣♣
.........▒.gg...♣
##.#.#.@▒......♣
#.#....gg.♣
#.##...▒g....[♣
###†##...▒.(....♣
#.##.#......▒....♣♣♣
##.#.........▒......
#............▒.......
#.###.#..#.##▒........
#.# #†#..#.# ▒▒▒▒▒▒▒▒▒


You could see 3 gnolls.


Message History

The gnoll completely misses you. The gnoll barely misses you.
You tentacle-slap the gnoll. Your squeeze misses the gnoll.
The gnoll is moderately wounded.
You constrict the gnoll, but do no damage.
The gnoll escapes!
The gnoll barely misses you.
You tentacle-slap the gnoll. You grab the gnoll.
You pierce the gnoll, but do no damage.
The gnoll is moderately wounded.
Your tentacle spike disappears.
You constrict the gnoll. The gnoll barely misses you.
The gnoll hits you from afar with a +2 halberd of flaming.
The gnoll burns you.
You release your grip on the gnoll.
The gnoll completely misses you.
You tentacle-slap the gnoll. You grab the gnoll.
The gnoll is moderately wounded.
You constrict the gnoll. The gnoll barely misses you.
The gnoll closely misses you.
You tentacle-slap the gnoll.
The gnoll is heavily wounded.
You constrict the gnoll. The gnoll barely misses you.
The gnoll closely misses you.
You tentacle-slap the gnoll.
You feel a bit better.
You kill the gnoll!
Your Ice Magic skill increases to level 1!
The gnoll closely misses you.
The gnoll hits you from afar with a +2 halberd of flaming!
Ouch! That really hurt!
* * * LOW HITPOINT WARNING * * *
The gnoll burns you!
You die...

Skill      XL: |  1  2  3  4 |
---------------+-------------+-----
Transmutations | 3 4 |  4.3
Ice Magic      | 1 |  1.1
Fighting       | |  1.0
Dodging        | |  2.0
Unarmed Combat | |  3.0
Spellcasting   | |  2.0

Action                   |  1- 3 |  4- 6 || total
-------------------------+-------+-------++-------
Melee: Unarmed           |    74 |    18 ||    92
       Constrict         |    26 |     5 ||    31
       Tentacles         |    14 |     1 ||    15
       Kick              |     9 |     3 ||    12
       Punch             |     5 |       ||     5
 Cast: Beastly Appendage |     7 |     1 ||     8
       Wereblood         |     2 |     1 ||     3
 Stab: Sleeping          |     7 |       ||     7
       Distracted        |     1 |       ||     1
Armor: Skin              |    11 |     1 ||    12
Dodge: Dodged            |    45 |    21 ||    66

Levels and vault maps discovered:
D:1:      scummos_arrival_gate, layout_basic
D:2:      layout_loops_ring, basic_altar, supply_closet_lemuel,
          kennysheep_generic_room_16

Notes
Turn   | Place    | Note
-------+----------+-------------------------------------------
     0 | D:1      | Raultor the Octopode Transmuter began the quest for the
                  | Orb.
     0 | D:1      | Reached XP level 1. HP: 13/13 MP: 3/3
    99 | D:1      | Reached XP level 2. HP: 6/18 MP: 3/5
   200 | D:1      | HP: 1/18 [hobgoblin (1)]
   202 | D:1      | Reached skill level 3 in Transmutations
   319 | D:1      | Learned a level 2 spell: Wereblood
   372 | D:1      | Reached XP level 3. HP: 23/23 MP: 2/6
   877 | D:2      | Found a hide-covered altar of Uskayaw.
   909 | D:2      | Reached skill level 4 in Transmutations
   968 | D:2      | Reached XP level 4. HP: 16/28 MP: 3/7
  1067 | D:2      | Learned a level 4 spell: Ice Form
  1147 | D:2      | Reached skill level 1 in Ice Magic
  1148 | D:2      | Slain by a gnoll

Vanquished Creatures
  2 gnolls
  2 adders (D:2)
  3 dart slugs
  2 endoplasms (D:1)
  2 giant cockroaches
  2 goblins (D:2)
  4 hobgoblins
  6 jackals (D:1)
  5 kobolds
  4 ball pythons
  7 bats
  2 frilled lizards
  3 rats (D:2)
44 creatures vanquished.

Table legend: (Time is in decaauts)
 A = Elapsed time spent in this place.
 B = Non-inter-level travel time spent in this place.
 C = Inter-level travel time spent in this place.
 D = Time resting spent in this place.
 E = Time spent auto-exploring this place.
 F = Levels seen in this place.
 G = Mean time per level.
                   A        B        C        D        E       F      G
               +--------+--------+--------+--------+--------+-----+--------+
         Total |   1141 |   1104 |     37 |      0 |    842 |   2 |  570.5 |
       Dungeon |   1141 |   1104 |     37 |      0 |    842 |   2 |  570.5 |
               +--------+--------+--------+--------+--------+-----+--------+

Top non-repeatable levels by time:
     D:1: 799 daAuts
     D:2: 342 daAuts

Table legend:
 A = Non-vault XP
 B = Vault XP
 C = Vault XP percentage of total XP
 D = Non-vault monster count
 E = Vault monster count
 F = Vault count percentage of total count
                 A         B        C        D         E       F
            +---------+---------+-------+---------+---------+-------
      Total |     119 |       4 |   3.3 |      43 |       1 |   2.3
            +---------+---------+-------+---------+---------+-------
        D:1 |      58 |       0 |   0.0 |      25 |       0 |   0.0
        D:2 |      61 |       4 |   6.2 |      18 |       1 |   5.3
            +---------+---------+-------+---------+---------+-------
